Map: [ESL] Altitude

Players

ByuN - Winner!

  • Race: Terran Terran
  • Spawn Location: 7:00

llllllllllll (herO)

  • Race: Protoss Protoss
  • League: Master
  • Spawn Location: 1:00

VOD

Have the link to the VOD?

Description

Time

  • Played on: March 9, 2023, 10:58 p.m.
  • Length: 11:53
Show
View Real Time Build Order
Export as new Build Order

ByuN Terran - Winner!

Build Orders:  

Get SALT Encoding   

  12  0:01  SCV  
  13  0:13  SCV  
  14  0:17  Supply Depot  
  14  0:25  SCV  
  15  0:39  SCV  
  15  0:40  Barracks  
  16  0:44  Refinery  
  16  0:51  SCV  
  17  1:03  SCV  
  18  1:15  SCV  
  19  1:27  Orbital Command  
  20  1:37  Command Center  
  19  1:41  Marine  
  20  1:52  Factory  
  20  1:55  SCV  
  21  2:02  Barracks Reactor  
  21  2:06  Refinery  
  21  2:07  SCV  
  22  2:12  Supply Depot  
  22  2:19  SCV  
  23  2:34  SCV  
  26  2:37  Starport  
  26  2:40  Widow Mine, Marine x2  
  28  2:46  SCV  
  28  2:49  Orbital Command  
  29  2:58  SCV, Marine x2  
  32  3:04  Widow Mine  
  34  3:10  SCV  
  35  3:16  SCV  
  35  3:17  Marine  
  35  3:19  Marine  
  40  3:25  Supply Depot, SCV  
  41  3:30  SCV  
  44  3:37  SCV  
  44  3:40  Supply Depot, Factory Tech Lab  
  43  3:43  SCV  
  44  3:49  SCV  
  44  3:53  Command Center  
  45  3:56  SCV  
  45  3:58  Cyclone  
  49  4:03  SCV  
  49  4:05  Starport Tech Lab  
  49  4:08  SCV  
  49  4:10  Marine  
  49  4:11  Marine  
  49  4:16  SCV  
  52  4:18  Supply Depot  
  52  4:20  SCV  
  55  4:24  Raven  
  55  4:28  Marine x2  
  55  4:29  SCV  
  58  4:32  Barracks  
  58  4:33  SCV  
  59  4:38  Barracks  
  59  4:41  Bunker  
  59  4:46  SCV x2, Marine x2  
  59  4:52  Engineering Bay x2  
  64  5:02  SCV x2  
  64  5:04  Marine x2  
  64  5:06  Refinery  
  64  5:07  Orbital Command, Starport Reactor  
  67  5:14  SCV x2  
  69  5:22  Barracks  
  69  5:26  Barracks, Terran Infantry Weapons Level 1, SCV x2  
  69  5:27  Terran Infantry Armor Level 1  
  69  5:28  Stimpack  
  71  5:33  Refinery  
  75  5:35  Marauder  
  75  5:36  Marauder  
  75  5:39  SCV x2  
  75  5:41  Orbital Command  
  77  5:42  Supply Depot  
  77  5:45  Supply Depot  
  77  5:46  Marine  
  77  5:47  Marine  
  79  5:51  SCV x2  
  79  5:53  Missile Turret  
  81  6:00  Combat Shield  
  81  6:02  Missile Turret  
  81  6:03  SCV x2  
  83  6:05  Supply Depot  
  83  6:07  Supply Depot  
  83  6:10  Medivac x2  
  87  6:14  SCV  
  87  6:15  SCV  
  87  6:16  SCV  
  87  6:17  Marauder  
  87  6:18  Marauder, Barracks Reactor  
  94  6:20  Barracks Tech Lab  
  94  6:26  SCV  
  94  6:28  SCV x2  
  93  6:35  Widow Mine  
  93  6:36  Marine x2  
  93  6:38  Ghost Academy  
  97  6:41  Supply Depot, Missile Turret  
  97  6:43  SCV x3  
  100  6:52  Marauder x2  
  100  6:53  Marauder  
  105  6:55  SCV x2  
  105  6:56  SCV  
  105  7:01  Concussive Shells, Marine x3  
  110  7:02  Supply Depot, Marine  
  110  7:03  Factory Reactor  
  110  7:07  SCV x2  
  110  7:08  SCV  
  115  7:10  Medivac x2  
  115  7:12  Refinery  
  115  7:13  Refinery  
  115  7:14  Supply Depot  
  119  7:17  Supply Depot  
  125  7:26  Marine  
  125  7:27  Marine x3  
  125  7:29  Ghost x3  
  123  7:33  SCV x3  
  129  7:46  Armory  
  129  7:47  Supply Depot, SCV x3  
  132  7:56  Supply Depot  
  132  7:57  Supply Depot, Command Center  
  132  7:58  Marauder  
  132  7:59  Marauder x2, Marine x2  
  132  8:00  Marine  
  132  8:01  Marine  
  142  8:12  Medivac x2  
  146  8:13  SCV x3  
  149  8:22  Supply Depot  
  149  8:25  SCV x3  
  149  8:26  Widow Mine x2  
  156  8:27  Marine x4  
  156  8:33  Terran Infantry Weapons Level 2  
  160  8:35  Terran Infantry Armor Level 2  
  159  8:42  Medivac x2, SCV  
  159  8:46  SCV x2  
  160  8:50  Marauder  
  160  8:51  Marauder x2  
  160  8:55  SCV  
  167  8:58  SCV  
  167  9:00  Barracks  
  167  9:01  Missile Turret, SCV  
  169  9:03  Barracks  
  169  9:04  Barracks  
  169  9:08  Orbital Command  
  169  9:09  Missile Turret  
  169  9:14  Marine x2  
  177  9:17  Marine x2  
  177  9:19  Ghost x3  
  179  9:33  Marine x2  
  179  9:35  Marine x2  
  183  9:40  Starport  
  183  9:43  Factory Reactor  
  181  9:47  Ghost  
  181  9:48  Ghost x2  
  181  9:50  Command Center  
  181  9:51  Barracks Reactor, Marine  
  181  9:52  Barracks Tech Lab x2  
  188  9:55  Missile Turret  
  187  10:09  Marine x3  
  190  10:17  Marauder x3  
  190  10:20  Marine  
  196  10:24  Marine  
  196  10:26  Marauder, Refinery  
  196  10:27  Command Center x2, Marine x3  
  196  10:28  Refinery  
  189  10:38  Marauder x2, Marine  
  189  10:40  Marine x3  
  189  10:42  Marauder  
  190  10:44  Marine  
  190  10:47  Marauder  
  187  10:50  Marine x2  
  187  10:51  Widow Mine x2  
  187  10:55  Ghost  
  195  10:58  Marine x2  
  195  11:00  Marauder x2  
  195  11:04  Marauder  
  184  11:08  Marauder  
  177  11:13  Widow Mine x2  
  176  11:20  Ghost  
  176  11:21  Ghost  
  176  11:23  Marine x3  
  176  11:24  Ghost  
  176  11:25  Marauder  
  161  11:30  Marauder  
  161  11:32  Marine x3  
Show
View Real Time Build Order
Export as new Build Order

llllllllllll Protoss 

Build Orders: 1 Gate Expand, Phoenix Opening, Zealot Archon, Colossus Rush 

Get SALT Encoding   

  12  0:00  Probe  
  13  0:12  Probe  
  14  0:17  Pylon  
  14  0:24  Probe  
  15  0:35  Gateway  
  15  0:37  Probe (Chrono Boost)  
  16  0:43  Assimilator  
  16  0:49  Probe (Chrono Boost)  
  17  0:55  Probe (Chrono Boost)  
  18  1:03  Probe  
  19  1:16  Probe  
  20  1:23  Cybernetics Core  
  20  1:34  Nexus  
  20  1:40  Pylon  
  20  1:43  Probe  
  21  1:49  Assimilator  
  21  1:55  Probe  
  21  1:56  Adept (Chrono Boost)  
  24  2:07  Probe  
  25  2:14  Stargate  
  25  2:18  Adept  
  25  2:20  Probe  
  28  2:28  Warp Gate  
  28  2:32  Probe  
  29  2:40  Shield Battery  
  29  2:46  Probe (Chrono Boost)  
  29  2:49  Probe (Chrono Boost)  
  33  2:55  Probe (Chrono Boost)  
  33  2:57  Phoenix (Chrono Boost)  
  35  2:58  Probe (Chrono Boost)  
  35  3:00  Probe (Chrono Boost)  
  36  3:08  Probe  
  36  3:12  Probe  
  38  3:13  Phoenix (Chrono Boost)  
  38  3:18  Gateway  
  40  3:22  Probe  
  40  3:24  Probe  
  42  3:29  Robotics Facility  
  42  3:35  Pylon  
  42  3:37  Probe  
  42  3:38  Probe  
  44  3:43  Phoenix  
  44  3:47  Assimilator  
  46  3:49  Assimilator  
  46  3:53  Probe x2 (Chrono Boost)  
  48  3:59  Pylon  
  48  4:02  Probe x2 (Chrono Boost)  
  50  4:07  Probe  
  50  4:08  Probe, Phoenix  
  54  4:17  Immortal (Chrono Boost)  
  54  4:22  Probe  
  54  4:24  Probe  
  60  4:29  Pylon  
  60  4:34  Robotics Bay  
  60  4:39  Sentry  
  60  4:45  Gateway  
  62  4:47  Pylon  
  62  4:48  Zealot  
  62  4:49  Probe  
  65  4:53  Probe  
  65  4:58  Observer  
  67  5:05  Nexus  
  67  5:08  Pylon  
  69  5:18  Colossus (Chrono Boost)  
  69  5:19  Zealot  
  69  5:23  Sentry  
  69  5:26  Probe x2  
  79  5:31  Extended Thermal Lance  
  79  5:36  Shield Battery  
  79  5:39  Probe x2  
  79  5:42  Observer  
  81  5:44  Twilight Council  
  81  5:48  Forge  
  81  5:51  Probe x2  
  83  5:59  Pylon  
  83  6:05  Probe x2 (Chrono Boost)  
  83  6:06  Forge  
  83  6:09  Pylon  
  85  6:14  Colossus (Chrono Boost)  
  92  6:18  Probe (Chrono Boost)  
  92  6:21  Probe x2 (Chrono Boost)  
  93  6:30  Probe x2 (Chrono Boost), Protoss Ground Weapons Level 1 (Chrono Boost)  
  93  6:31  Probe (Chrono Boost)  
  94  6:33  Charge  
  94  6:35  Protoss Ground Armor Level 1 (Chrono Boost), Probe (Chrono Boost)  
  94  6:37  Probe  
  94  6:38  Probe  
  95  6:47  Templar Archives  
  95  6:49  Gateway  
  95  6:50  Gateway  
  95  6:53  Zealot x2  
  97  6:54  Sentry  
  97  6:57  Probe  
  97  6:58  Probe x2  
  97  7:01  Pylon  
  102  7:09  Colossus (Chrono Boost)  
  102  7:10  Assimilator x2  
  102  7:12  Shield Battery  
  108  7:16  Gateway  
  108  7:21  Probe x3  
  111  7:26  Photon Cannon  
  111  7:27  Zealot x2  
  115  7:41  Pylon, Photon Cannon  
  115  7:42  Shield Battery  
  115  7:43  High Templar  
  117  7:44  Zealot x2  
  117  7:46  Photon Cannon  
  117  7:48  Pylon  
  117  7:49  Pylon  
  117  7:50  High Templar x2  
  123  7:56  Archon  
  123  7:58  Disruptor  
  123  8:01  Probe  
  127  8:06  Zealot  
  127  8:07  Zealot  
  127  8:10  Pylon  
  127  8:12  Nexus  
  129  8:15  Gateway  
  129  8:20  Probe x2  
  129  8:21  Probe  
  132  8:28  Pylon x2  
  132  8:34  Disruptor (Chrono Boost)  
  132  8:35  Pylon  
  132  8:40  Protoss Ground Weapons Level 2 (Chrono Boost), Protoss Ground Armor Level 2 (Chrono Boost)  
  126  8:50  Zealot, High Templar x2  
  126  8:51  Zealot x3  
  126  8:54  Blink  
  136  8:56  Archon, Shield Battery  
  136  8:57  Photon Cannon  
  136  8:58  Pylon  
  136  9:00  Probe x3  
  139  9:05  Disruptor (Chrono Boost)  
  142  9:10  Robotics Facility  
  142  9:12  Photon Cannon  
  142  9:18  Zealot x2  
  142  9:24  Gateway x2  
  146  9:30  Photon Cannon  
  134  9:36  Warp Prism (Chrono Boost)  
  129  9:52  Zealot x7  
  141  9:58  Disruptor, Pylon  
  144  10:05  Disruptor  
  147  10:13  Zealot x7  
  161  10:21  Phoenix  
  136  10:38  Disruptor  
  136  10:41  Disruptor  
  106  10:43  Stalker x9  
  110  10:52  Phoenix (Chrono Boost)  
  90  11:17  Stalker  
  90  11:18  Stalker x4  
Tags
 
Add a new tag
Caveats
  • Supply blocks, unpowered buildings, or Contaminate may cause inaccurate times.
  • Supply counts are checked every 10 seconds.